SL
ST. LOUIS COEUR @ FT. WORTH CATTLEMEN
09/01/2041
 
TOP OF THE 1ST
St. Louis Coeur batting - Pitching for Ft. Worth Cattlemen : RHP Kabeya Kasongo
Pitching: RHP Kabeya Kasongo
Batting: LHB Tillmam Cru 0-0: Ball
1-0: Ball
2-0: Called Strike
2-1: Swinging Strike
2-2: Ball
3-2: SINGLE (Line Drive, 6D, EV 98.1 MPH)
Batting: RHB Jaime Soto 0-0: Ball
Tillmam Cru steals 2nd base
1-0: SINGLE (Flyball, 7S, EV 88.1 MPH)
Tillmam Cru to third
Runner from 3rd tries for Home, SAFE, throw by LF to home
Batting: LHB Qing-nian Zexian 0-0: Fly out, F4 (Line Drive, 4, EV 66.2 MPH)
Batting: RHB Nobuhisa Murakami 0-0: Ball
1-0: Called Strike
1-1: Swinging Strike
1-2: Strikes out swinging
Batting: RHB Melvin Thomas 0-0: Foul Ball, location: 2F
0-1: Foul Ball, location: 2F
0-2: Foul Ball, location: 2F
0-2: Ball
1-2: Foul Ball, location: 2F
1-2: Foul Ball, location: 2F
1-2: Ball
2-2: Ball
3-2: DOUBLE (Line Drive, 7LM, EV 103.1 MPH)
Jaime Soto to third
Jaime Soto scores
Batting: RHB Joe Mueller 0-0: Called Strike
0-1: Swinging Strike
0-2: Foul Ball, location: 2F
0-2: Strikes out looking
Top of the 1st over - 2 runs, 3 hits, 0 errors, 1 left on base; St. Louis 2 - Ft. Worth 0
BOTTOM OF THE 1ST
Ft. Worth Cattlemen batting - Pitching for St. Louis Coeur : RHP Alfonso Caballero
Pitching: RHP Alfonso Caballero
Batting: RHB Dennis Wacher 0-0: Ball
1-0: Ball
2-0: Ball
3-0: Swinging Strike
3-1: Base on Balls
Batting: RHB Jesús Torres 0-0: Grounds into double play, 5-4-3 (Groundball, 56, EV 86.9 MPH)
Batting: LHB Craig Woods 0-0: SOLO HOME RUN (Flyball, 9LD, EV 106.2 MPH), Distance : 335 ft
Batting: SHB Kolby Hay 0-0: Called Strike
0-1: Ball
1-1: Called Strike
1-2: SINGLE (Groundball, 34D, EV 102.5 MPH)
Batting: RHB Derek Bangert 0-0: Ball
1-0: Foul Ball, location: 2F
1-1: Ball
2-1: Foul Ball, location: 2F
2-2: Ball
Wild Pitch!
Kolby Hay to second
3-2: Ground out 6-3 (Groundball, 6S, EV 83.8 MPH)
Bottom of the 1st over - 1 run, 2 hits, 0 errors, 1 left on base; St. Louis 2 - Ft. Worth 1
TOP OF THE 2ND
St. Louis Coeur batting - Pitching for Ft. Worth Cattlemen : RHP Kabeya Kasongo
Batting: RHB Guillermo Coss 0-0: Called Strike
0-1: Fly out, F8 (Line Drive, 8RM, EV 89.4 MPH)
Batting: RHB Joel Iyiegbuniwe 0-0: Ball
1-0: Swinging Strike
1-1: Swinging Strike
1-2: Fly out, F7 (Line Drive, 7, EV 97.5 MPH)
Batting: RHB Jack Bonner 0-0: Ball
1-0: Called Strike
1-1: Ball
2-1: Ball
3-1: SINGLE (Groundball, 6MD, EV 106.2 MPH)
Batting: LHB Tillmam Cru 0-0: Called Strike
0-1: Fly out, F9 (Flyball, 9LS, EV 75.0 MPH)
Top of the 2nd over - 0 runs, 1 hit, 0 errors, 1 left on base; St. Louis 2 - Ft. Worth 1
BOTTOM OF THE 2ND
Ft. Worth Cattlemen batting - Pitching for St. Louis Coeur : RHP Alfonso Caballero
Batting: LHB Count Dante 0-0: Called Strike
0-1: Swinging Strike
0-2: Ground out 4-3 (Groundball, 4S, EV 80.0 MPH)
Batting: RHB Tsuneari Hirano 0-0: Ground out 6-3 (Groundball, 6, EV 85.6 MPH)
Batting: RHB Min-gook Ch'oe 0-0: Fly out, F7 (Line Drive, 7, EV 89.4 MPH)
Bottom of the 2nd over - 0 runs, 0 hits, 0 errors, 0 left on base; St. Louis 2 - Ft. Worth 1
TOP OF THE 3RD
St. Louis Coeur batting - Pitching for Ft. Worth Cattlemen : RHP Kabeya Kasongo
Batting: RHB Jaime Soto 0-0: Ball
1-0: Called Strike
1-1: Swinging Strike
1-2: Ball
2-2: Ball
3-2: SINGLE (Flyball, 78S, EV 95.0 MPH)
Batting: LHB Qing-nian Zexian 0-0: Swinging Strike
0-1: Foul Ball, location: 2F
0-2: Hit by Pitch
Jaime Soto to second
Batting: RHB Nobuhisa Murakami 0-0: Ball
1-0: Swinging Strike
1-1: Ball
2-1: Fly out, F8 (Flyball, 8LS, EV 90.6 MPH)
Batting: RHB Melvin Thomas 0-0: Called Strike
0-1: Foul Ball, location: 2F
0-2: Ball
1-2: Foul Ball, location: 2F
1-2: Foul Ball, location: 2F
1-2: Fielders Choice at 2nd, 1-4 (Groundball, P, EV 82.5 MPH)
Jaime Soto to third
Batting: RHB Joe Mueller 0-0: Ball
1-0: Fly out, F9 (Flyball, 89D, EV 88.8 MPH)
Top of the 3rd over - 0 runs, 1 hit, 0 errors, 2 left on base; St. Louis 2 - Ft. Worth 1
BOTTOM OF THE 3RD
Ft. Worth Cattlemen batting - Pitching for St. Louis Coeur : RHP Alfonso Caballero
Batting: RHB Lonnie Doble 0-0: Foul Ball, location: 2F
0-1: Ball
1-1: Called Strike
1-2: Foul Ball, location: 2F
1-2: Foul Ball, location: 2F
1-2: Foul Ball, location: 2F
1-2: Fly out, F8 (Flyball, 8LD, EV 85.0 MPH)
Batting: RHB Dennis Wacher 0-0: Ball
1-0: Ball
2-0: Ground out 5-3 (Groundball, 56, EV 90.0 MPH)
Batting: RHB Jesús Torres 0-0: Ball
1-0: Ball
2-0: Foul Ball, location: 2F
2-1: Ground out U3 (Groundball, 3, EV 76.2 MPH)
Bottom of the 3rd over - 0 runs, 0 hits, 0 errors, 0 left on base; St. Louis 2 - Ft. Worth 1
TOP OF THE 4TH
St. Louis Coeur batting - Pitching for Ft. Worth Cattlemen : RHP Kabeya Kasongo
Batting: RHB Guillermo Coss 0-0: Ball
1-0: Ground out 5-3 (Groundball, 56, EV 109.4 MPH)
Batting: RHB Joel Iyiegbuniwe 0-0: Ball
1-0: Called Strike
1-1: Ball
2-1: Ground out 6-3 (Groundball, 56, EV 83.8 MPH)
Batting: RHB Jack Bonner 0-0: Called Strike
0-1: SINGLE (Line Drive, 8RS, EV 93.1 MPH)
Batting: LHB Tillmam Cru 0-0: Ball
1-0: Called Strike
1-1: Foul Ball, location: 2F
1-2: Ball
2-2: SINGLE (Groundball, 34D, EV 105.0 MPH)
Jack Bonner to second
Runner from 2nd tries for 3rd, SAFE, no throw by RF
Batting: RHB Jaime Soto 0-0: Called Strike
0-1: SINGLE (Groundball, 4MD, EV 111.2 MPH)
Jack Bonner scores
Tillmam Cru to second
Runner from 2nd tries for 3rd, SAFE, no throw by CF
Batting: LHB Qing-nian Zexian 0-0: Ball
1-0: Foul Ball, location: 2F
1-1: Foul Ball, location: 2F
1-2: SINGLE (Line Drive, 9S, EV 110.6 MPH)
Tillmam Cru scores
Jaime Soto to second
Pitching: RHP Scott Thompson
Batting: RHB Nobuhisa Murakami 0-0: SINGLE (Groundball, 6D, EV 95.6 MPH)
Jaime Soto to third
Qing-nian Zexian to second
Runner from 3rd tries for Home, SAFE, no throw by CF
Batting: RHB Melvin Thomas 0-0: Ball
1-0: Ball
2-0: Fielders Choice at 2nd, U4 (Groundball, 4M, EV 103.1 MPH)
Top of the 4th over - 3 runs, 5 hits, 0 errors, 2 left on base; St. Louis 5 - Ft. Worth 1
BOTTOM OF THE 4TH
Ft. Worth Cattlemen batting - Pitching for St. Louis Coeur : RHP Alfonso Caballero
Batting: LHB Craig Woods 0-0: Foul Ball, location: 2F
0-1: Called Strike
0-2: Fly out, F7 (Flyball, 78S, EV 80.6 MPH)
Batting: SHB Kolby Hay 0-0: Swinging Strike
0-1: Called Strike
0-2: Ball
1-2: Ball
2-2: Strikes out swinging
Batting: RHB Derek Bangert 0-0: Ball
1-0: Swinging Strike
1-1: Foul Ball, location: 2F
1-2: Strikes out looking
Bottom of the 4th over - 0 runs, 0 hits, 0 errors, 0 left on base; St. Louis 5 - Ft. Worth 1
TOP OF THE 5TH
St. Louis Coeur batting - Pitching for Ft. Worth Cattlemen : RHP Scott Thompson
Batting: RHB Joe Mueller 0-0: Called Strike
0-1: Fly out, F8 (Flyball, 8RD, EV 100.6 MPH)
Batting: RHB Guillermo Coss 0-0: Ball
1-0: Ground out 1-3 (Groundball, 13, EV 83.1 MPH)
Batting: RHB Joel Iyiegbuniwe 0-0: Fly out, F3 (Popup, 3SF, EV 74.4 MPH)
Top of the 5th over - 0 runs, 0 hits, 0 errors, 0 left on base; St. Louis 5 - Ft. Worth 1
BOTTOM OF THE 5TH
Ft. Worth Cattlemen batting - Pitching for St. Louis Coeur : RHP Alfonso Caballero
Batting: LHB Count Dante 0-0: Ball
1-0: Swinging Strike
1-1: Foul Ball, location: 2F
1-2: Strikes out swinging
Batting: RHB Tsuneari Hirano 0-0: Ball
1-0: Called Strike
1-1: Ball
2-1: Ball
3-1: Called Strike
3-2: Strikes out looking
Batting: RHB Min-gook Ch'oe 0-0: Called Strike
0-1: Ball
1-1: Swinging Strike
1-2: Strikes out looking
Bottom of the 5th over - 0 runs, 0 hits, 0 errors, 0 left on base; St. Louis 5 - Ft. Worth 1
TOP OF THE 6TH
St. Louis Coeur batting - Pitching for Ft. Worth Cattlemen : RHP Scott Thompson
Batting: RHB Jack Bonner 0-0: Ball
1-0: Swinging Strike
1-1: Ball
2-1: Ball
3-1: Foul Ball, location: 2F
3-2: Strikes out looking
Batting: LHB Tillmam Cru 0-0: Ball
1-0: Foul Ball, location: 2F
1-1: Ball
2-1: Foul Ball, location: 2F
2-2: Strikes out looking
Batting: RHB Jaime Soto 0-0: Called Strike
0-1: Foul Ball, location: 2F
0-2: Foul Ball, location: 2F
0-2: Foul Ball, location: 2F
0-2: Ball
1-2: Foul Ball, location: 2F
1-2: SINGLE (Groundball, 34, EV 85.0 MPH) (infield hit)
Batting: LHB Qing-nian Zexian 0-0: Called Strike
0-1: Ball
1-1: Foul Ball, location: 2F
1-2: Foul Ball, location: 2F
1-2: Strikes out swinging
Top of the 6th over - 0 runs, 1 hit, 0 errors, 1 left on base; St. Louis 5 - Ft. Worth 1
BOTTOM OF THE 6TH
Ft. Worth Cattlemen batting - Pitching for St. Louis Coeur : RHP Alfonso Caballero
Batting: RHB Lonnie Doble 0-0: Ball
1-0: Ball
2-0: Called Strike
2-1: Foul Ball, location: 2F
2-2: SINGLE (Line Drive, 34D, EV 105.6 MPH)
Batting: RHB Dennis Wacher 0-0: Called Strike
0-1: Fielders Choice at 2nd, 6-4 (Groundball, 6, EV 103.1 MPH)
Batting: RHB Jesús Torres 0-0: Ball
1-0: Ball
Dennis Wacher steals 2nd base
2-0: Called Strike
2-1: Foul Ball, location: 2F
2-2: Strikes out swinging
Batting: LHB Craig Woods 0-0: Ball
1-0: Foul Ball, location: 2F
1-1: Fly out, F3 (Line Drive, 3, EV 68.1 MPH)
Bottom of the 6th over - 0 runs, 1 hit, 0 errors, 1 left on base; St. Louis 5 - Ft. Worth 1
TOP OF THE 7TH
St. Louis Coeur batting - Pitching for Ft. Worth Cattlemen : RHP Scott Thompson
Batting: RHB Nobuhisa Murakami 0-0: SINGLE (Groundball, 6MD, EV 99.4 MPH)
Batting: RHB Melvin Thomas 0-0: Called Strike
0-1: Ball
1-1: Called Strike
1-2: Foul Ball, location: 2F
1-2: Ball
2-2: Fly out, F8 (Flyball, 8LD, EV 97.5 MPH)
Batting: RHB Joe Mueller 0-0: Ball
1-0: Ball
2-0: Ball
3-0: SINGLE (Groundball, 6MD, EV 100.6 MPH)
Nobuhisa Murakami to second
Runner from 2nd tries for 3rd, SAFE, throw by CF made to third
Batting: RHB Guillermo Coss 0-0: Ball
1-0: Ball
2-0: Foul Ball, location: 2F
2-1: Fly out, F3 (Popup, 3SF, EV 76.2 MPH)
Batting: RHB Joel Iyiegbuniwe 0-0: Ball
1-0: Ball
2-0: Called Strike
2-1: Fly out, F4 (Line Drive, 4, EV 65.0 MPH)
Top of the 7th over - 0 runs, 2 hits, 0 errors, 2 left on base; St. Louis 5 - Ft. Worth 1
BOTTOM OF THE 7TH
Ft. Worth Cattlemen batting - Pitching for St. Louis Coeur : RHP Alfonso Caballero
Batting: SHB Kolby Hay 0-0: Called Strike
0-1: Ball
1-1: Foul Ball, location: 2F
1-2: Strikes out looking
Batting: RHB Derek Bangert 0-0: Ball
1-0: Called Strike
1-1: Fly out, F4 (Popup, 34S, EV 83.1 MPH)
Batting: LHB Count Dante 0-0: Called Strike
0-1: Swinging Strike
0-2: Ball
1-2: Fly out, F8 (Flyball, 8RS, EV 93.1 MPH)
Bottom of the 7th over - 0 runs, 0 hits, 0 errors, 0 left on base; St. Louis 5 - Ft. Worth 1
TOP OF THE 8TH
St. Louis Coeur batting - Pitching for Ft. Worth Cattlemen : RHP Scott Thompson
Batting: RHB Jack Bonner 0-0: Called Strike
0-1: Foul Ball, location: 2F
0-2: Ball
1-2: Foul Ball, location: 2F
1-2: Ball
2-2: Foul Ball, location: 2F
2-2: Ball
3-2: Foul Ball, location: 2F
3-2: Base on Balls
Pitching: RHP Tom Scots
Batting: LHB Tillmam Cru 0-0: Sac Bunt to 13S - play at first, batter OUT! 1-3
Jack Bonner to second
Batting: RHB Jaime Soto 0-0: Swinging Strike
0-1: Fly out, F6 (Popup, 56, EV 60.0 MPH)
Batting: LHB Qing-nian Zexian 0-0: Called Strike
0-1: Ball
1-1: Ball
2-1: Fly out, F7 (Flyball, 7, EV 98.1 MPH)
Top of the 8th over - 0 runs, 0 hits, 0 errors, 1 left on base; St. Louis 5 - Ft. Worth 1
BOTTOM OF THE 8TH
Ft. Worth Cattlemen batting - Pitching for St. Louis Coeur : RHP Alfonso Caballero
Batting: RHB Tsuneari Hirano 0-0: Called Strike
0-1: Ball
1-1: Foul Ball, location: 2F
1-2: Strikes out swinging
Batting: RHB Min-gook Ch'oe 0-0: Called Strike
0-1: Fly out, F9 (Flyball, 9, EV 80.0 MPH)
Batting: RHB Lonnie Doble 0-0: Ball
1-0: Foul Ball, location: 2F
1-1: Ball
2-1: Ball
3-1: Foul Ball, location: 2F
3-2: Foul Ball, location: 2F
3-2: Base on Balls
Batting: RHB Dennis Wacher 0-0: Ball
1-0: Foul Ball, location: 2F
1-1: Foul Ball, location: 2F
1-2: Ball
2-2: Strikes out swinging
Bottom of the 8th over - 0 runs, 0 hits, 0 errors, 1 left on base; St. Louis 5 - Ft. Worth 1
TOP OF THE 9TH
St. Louis Coeur batting - Pitching for Ft. Worth Cattlemen : RHP Tom Scots
Batting: RHB Nobuhisa Murakami 0-0: Foul Ball, location: 2F
0-1: Foul Ball, location: 2F
0-2: Ball
1-2: Foul Ball, location: 2F
1-2: Fly out, F2 (Popup, 5SF, EV 86.9 MPH)
Batting: RHB Melvin Thomas 0-0: Ball
1-0: Ball
2-0: Called Strike
2-1: Ball
3-1: Called Strike
3-2: Strikes out swinging
Batting: RHB Joe Mueller 0-0: Fly out, F9 (Flyball, 9S, EV 84.4 MPH)
Top of the 9th over - 0 runs, 0 hits, 0 errors, 0 left on base; St. Louis 5 - Ft. Worth 1
BOTTOM OF THE 9TH
Ft. Worth Cattlemen batting - Pitching for St. Louis Coeur : RHP Alfonso Caballero
Batting: RHB Jesús Torres 0-0: Called Strike
0-1: Foul Ball, location: 2F
0-2: Hit by Pitch
Pitching: RHP Jasper Kirby
Batting: LHB Craig Woods 0-0: Ball
1-0: Called Strike
1-1: Ball
2-1: Ball
3-1: Base on Balls
Jesús Torres to second
Batting: SHB Kolby Hay 0-0: Fielders Choice at 2nd, 4-6 (Groundball, 34, EV 80.6 MPH)
Jesús Torres to third
Batting: RHB Derek Bangert 0-0: Called Strike
0-1: Ball
1-1: Foul Ball, location: 2F
1-2: Fly out, F8 (Flyball, 8RS, EV 93.1 MPH)
Batting: LHB Count Dante 0-0: Called Strike
0-1: Ball
1-1: Ball
2-1: Called Strike
2-2: Ball
3-2: Base on Balls
Kolby Hay to second
Pinch Hitting: LHB Jorge Alejándrez 0-0: Called Strike
0-1: Ball
Wild Pitch!
Jesús Torres scores
Kolby Hay to third
Count Dante to second
1-1: Ball
2-1: 3-RUN HOME RUN (Flyball, 89XD, EV 101.2 MPH), Distance : 449 ft
Pitching: LHP James Callendar
Batting: RHB Min-gook Ch'oe 0-0: Called Strike
0-1: DOUBLE (Flyball, 78XD, EV 95.6 MPH)
Batting: RHB Lonnie Doble 0-0: Ball
1-0: Ball
2-0: Called Strike
2-1: Ball
3-1: Base on Balls
Batting: RHB Dennis Wacher 0-0: Fly out, F8 (Line Drive, 8RD, EV 91.9 MPH)
Bottom of the 9th over - 4 runs, 2 hits, 0 errors, 2 left on base; St. Louis 5 - Ft. Worth 5
TOP OF THE 10TH
St. Louis Coeur batting - Pitching for Ft. Worth Cattlemen : RHP Tom Scots
Pitching: RHP Jack Buyse
Now at 1B: Jorge Alejándrez
Batting: RHB Guillermo Coss 0-0: Swinging Strike
0-1: Called Strike
0-2: Foul Ball, location: 2F
0-2: Ball
1-2: Strikes out swinging, 2-3 out at first.
Pinch Hitting: LHB Harry Cornelis 0-0: Ball
1-0: Foul Ball, location: 2F
1-1: Ball
2-1: Ball
3-1: Foul Ball, location: 2F
3-2: Fly out, F8 (Flyball, 8RM, EV 91.9 MPH)
Batting: RHB Jack Bonner 0-0: Called Strike
0-1: Swinging Strike
0-2: Ball
1-2: Fly out, F9 (Flyball, 9LDF, EV 104.4 MPH)
Top of the 10th over - 0 runs, 0 hits, 0 errors, 0 left on base; St. Louis 5 - Ft. Worth 5
BOTTOM OF THE 10TH
Ft. Worth Cattlemen batting - Pitching for St. Louis Coeur : LHP James Callendar
Now in CF: Luis Yander La O
Batting: RHB Jesús Torres 0-0: Swinging Strike
0-1: Ball
1-1: Ball
2-1: Ball
3-1: Called Strike
3-2: Strikes out swinging
Batting: LHB Craig Woods 0-0: Foul Ball, location: 2F
0-1: Foul Ball, location: 2F
0-2: Strikes out swinging
Batting: SHB Kolby Hay 0-0: Called Strike
0-1: Ground out 5-3 (Groundball, 56, EV 90.0 MPH)
Bottom of the 10th over - 0 runs, 0 hits, 0 errors, 0 left on base; St. Louis 5 - Ft. Worth 5
TOP OF THE 11TH
St. Louis Coeur batting - Pitching for Ft. Worth Cattlemen : RHP Jack Buyse
Batting: LHB Tillmam Cru 0-0: Foul Ball, location: 2F
0-1: Called Strike
0-2: Ball
1-2: Ground out 4-3 (Groundball, 4MD, EV 106.9 MPH)
Batting: RHB Jaime Soto 0-0: Swinging Strike
0-1: Foul Ball, location: 2F
0-2: Ball
1-2: Strikes out swinging
Batting: LHB Qing-nian Zexian 0-0: Called Strike
0-1: Ball
1-1: Ball
2-1: Foul Ball, location: 2F
2-2: Foul Ball, location: 2F
2-2: Foul Ball, location: 2F
2-2: Strikes out swinging
Top of the 11th over - 0 runs, 0 hits, 0 errors, 0 left on base; St. Louis 5 - Ft. Worth 5
BOTTOM OF THE 11TH
Ft. Worth Cattlemen batting - Pitching for St. Louis Coeur : LHP James Callendar
Batting: RHB Derek Bangert 0-0: Called Strike
0-1: Ball
1-1: Ball
2-1: Fly out, F4 (Popup, 4M, EV 81.2 MPH)
Batting: LHB Count Dante 0-0: Ball
1-0: Called Strike
1-1: Foul Ball, location: 2F
1-2: Ball
2-2: Ball
3-2: Reached on error, E5 (Groundball, 56S, EV 82.5 MPH)
Batting: LHB Jorge Alejándrez 0-0: Ball
1-0: Called Strike
1-1: Foul Ball, location: 2F
1-2: Strikes out swinging
Batting: RHB Min-gook Ch'oe 0-0: Ball
1-0: Ball
2-0: Swinging Strike
2-1: Foul Ball, location: 2F
2-2: Strikes out swinging
Bottom of the 11th over - 0 runs, 0 hits, 1 error, 1 left on base; St. Louis 5 - Ft. Worth 5
TOP OF THE 12TH
St. Louis Coeur batting - Pitching for Ft. Worth Cattlemen : RHP Jack Buyse
Pitching: RHP Dragutin Petrovic
Batting: RHB Nobuhisa Murakami 0-0: Ball
1-0: Called Strike
1-1: Foul Ball, location: 2F
1-2: Ball
2-2: Strikes out looking
Batting: RHB Melvin Thomas 0-0: Called Strike
0-1: Ball
1-1: Ball
2-1: Foul Ball, location: 2F
2-2: Ball
3-2: Foul Ball, location: 2F
3-2: Base on Balls
Batting: RHB Joe Mueller 0-0: Ball
1-0: Ball
2-0: Fly out, F8 (Flyball, 8LXD, EV 101.9 MPH)
Runner from 1st tags up, SAFE at 2nd
Batting: RHB Guillermo Coss 0-0: Intentional Walk
Pinch Hitting: LHB Jae-seop Byeon 0-0: Foul Ball, location: 2F
0-1: Ball
1-1: Foul Ball, location: 2F
1-2: DOUBLE (Line Drive, 78D, EV 103.8 MPH)
Melvin Thomas scores
Guillermo Coss to third
Runner from 3rd tries for Home, SAFE, no throw by CF
Batting: RHB Jack Bonner 0-0: Ball
1-0: Ground out 5-3 (Groundball, 56, EV 102.5 MPH)
Top of the 12th over - 2 runs, 1 hit, 0 errors, 1 left on base; St. Louis 7 - Ft. Worth 5
BOTTOM OF THE 12TH
Ft. Worth Cattlemen batting - Pitching for St. Louis Coeur : LHP James Callendar
Now in CF: Jae-seop Byeon
Batting: RHB Lonnie Doble 0-0: Called Strike
0-1: Ball
1-1: Ball
2-1: Fly out, F8 (Line Drive, 8RD, EV 86.9 MPH)
Batting: RHB Dennis Wacher 0-0: Called Strike
0-1: Fly out, F3 (Popup, 3SF, EV 76.9 MPH)
Batting: RHB Jesús Torres 0-0: Called Strike
0-1: Ball
1-1: Foul Ball, location: 2F
1-2: Ball
2-2: SINGLE (Line Drive, 6D, EV 100.0 MPH)
Pitching: RHP Colton Moonfall
Batting: LHB Craig Woods 0-0: Swinging Strike
0-1: Swinging Strike
0-2: Ball
1-2: Ball
2-2: Foul Ball, location: 2F
2-2: Strikes out looking
Bottom of the 12th over - 0 runs, 1 hit, 0 errors, 1 left on base; St. Louis 7 - Ft. Worth 5
Tuesday, January 5th, 2021 - OOTP Baseball 20.8 Build 74